 Dungeon Crawl Stone Soup version 0.32-a0-765-gfba4d74c8c (webtiles) character file.

Game seed: 12643109298052824744

256 GordonOverkill the Sneak (level 5, -2/41 HPs)
             Began as a Demonspawn Delver on Mar 18, 2024.
             Slain by a gnoll
             ... wielding a +0 halberd
              (16 damage)
             ... on level 3 of the Dungeon.
             The game lasted 00:05:06 (1512 turns).

GordonOverkill the Sneak (Demonspawn Delver)        Turns: 1512, Time: 00:05:07

Health: -2/41      AC:  3    Str: 13    XL:     5   Next: 92%
Magic:  10/10      EV: 10    Int: 14    God:
Gold:   4          SH:  0    Dex: 14    Spells: 11/11 levels left

rFire   . . .        a - +0 hand axe
rCold   . . .        (no shield)
rNeg    . . .        b - +0 leather armour
rPois   .            (no helmet)
rElec   .            (no cloak)
rCorr   .            (no gloves)
SInv    .            (no boots)
Will    .....        (no amulet)
Stlth   ++           (no ring)
HPRegen 0.26/turn    (no ring)
MPRegen 0.12/turn

%: no passive effects
@: no status effects
A: powered by pain 1, big brain 1, demonic magic 1
a: no special abilities


You were on level 3 of the Dungeon.
You visited 1 branch of the dungeon, and saw 4 of its levels.
You also visited: Ossuary.

You collected 4 gold pieces.

Inventory:

Hand Weapons
 a - a +0 hand axe (weapon)
Armour
 b - a +0 leather armour (worn)
 d - a +0 pair of boots
Wands
 e - a wand of flame (10)
 g - a wand of digging (3)
Scrolls
 c - 2 scrolls of fog
 h - a scroll of noise {unknown}
 k - a scroll of teleportation
 l - a scroll of blinking {unknown}
 m - a scroll of revelation
 n - a scroll of identify {unknown}
 q - a scroll of enchant armour {unknown}
 r - a scroll of acquirement {unknown}
Potions
 f - a potion of haste
 j - a potion of enlightenment {unknown}
 o - a potion of curing
 p - a potion of might {unknown}


   Skills:
 - Level 3.0 Fighting
 - Level 1.7 Axes
 - Level 1.7 Dodging
 - Level 4.5 Stealth
 + Level 3.6 Spellcasting
 - Level 4.0 Evocations


You had 11 spell levels left.
You didn't know any spells.
Your spell library was empty.

Dungeon Overview and Level Annotations

Branches:
Dungeon (6/15)            Ossuary (visited)
 Temple: D:4-7

Altars:

Annotations:
D:6 Dowan


Innate Abilities, Weirdness & Mutations

You sometimes gain a little power by taking damage.
You have an unusually large brain. (Int +2)
Spells you cast may paralyse adjacent enemies.


Message History

The giant cockroach barely misses you.
The giant cockroach waves its antennae.
The giant cockroach barely misses you. The giant cockroach bites you.
Unknown command.
Unknown command.
The gnoll shouts!
You see here a book of Winter.
The giant cockroach attacks as it pursues you!
The giant cockroach bites you but does no damage.
The gnoll hits you with a +0 flail. The gnoll attacks as it pursues you!
The gnoll barely misses you.
The giant cockroach bites you but does no damage.
The gnoll attacks as it pursues you! The gnoll hits you with a +0 flail!
* * * LOW HITPOINT WARNING * * *
As you read the scroll labelled EBRIPSYRIG, it crumbles to dust.
You feel strangely unstable.
It was a scroll of teleportation.
The gnoll completely misses you.
Your surroundings suddenly seem different.
The gnoll shouts!
You see here a wand of flame (10).
e - a wand of flame (10)
The gnoll barely misses you. The gnoll attacks as it pursues you!
The gnoll barely misses you.
The gnoll shouts!
The gnoll attacks as it pursues you!
The gnoll hits you from afar with a +0 halberd.
* * * LOW HITPOINT WARNING * * *
Found a stone staircase leading down.
The giant cockroach closely misses you. The gnoll attacks as it pursues you!
The gnoll hits you from afar with a +0 halberd!
* * * LOW HITPOINT WARNING * * *
The gnoll attacks as it pursues you!
The gnoll hits you from afar with a +0 halberd.
* * * LOW HITPOINT WARNING * * *
You hear the slow rusting of a drain nearby.
The gnoll attacks as it pursues you!
The gnoll hits you from afar with a +0 halberd!
You die...

...#........#..#........#
...#.#.#......gg.......>#
...#.#.#....#.###.......#
#..#.#...$.......g.......
g.........#.....g#.#....#
B#.#..........##.#.# ....
†.....†...#...##g#.# ..#
##.########...##B#.# ##
..........#...##@#.#
##.######.#...##.#.# #.#
#.#......#.#
#.######.#..#####.#####
#.#....................
#.##.###.#.....># #.#
#.#......# .. #.<..###.#
#........#


You could see 3 gnolls and a giant cockroach.

Vanquished Creatures
  Menkaure (Ossuary)
  An iguana (D:4)
  A sleepcap (D:5)
  3 mummies (Ossuary)
  An adder (D:3)
  A dart slug (D:3)
  4 gnoll zombies (Ossuary)
  A goblin (D:4)
  2 hobgoblins
  5 gnoll skeletons (Ossuary)
  3 goblin skeletons (Ossuary)
  4 goblin zombies (Ossuary)
  5 hobgoblin skeletons (Ossuary)
  4 hobgoblin zombies (Ossuary)
  4 kobold skeletons (Ossuary)
  5 kobold zombies (Ossuary)
  4 orc skeletons (Ossuary)
  4 rat skeletons (Ossuary)
  8 rat zombies (Ossuary)
61 creatures vanquished.

Notes
Turn   | Place    | Note
-------+----------+-------------------------------------------
     0 | D:5      | GordonOverkill the Demonspawn Delver began the quest for
                  | the Orb.
     0 | D:5      | Reached XP level 1. HP: 18/18 MP: 1/1
     1 | D:6      | Noticed Dowan
    17 | D:5      | Noticed an ice beast
    25 | D:5      | Noticed a sleepcap
    28 | D:5      | Killed a sleepcap
    29 | D:5      | Gained mutation: You have an unusually large brain. (Int
                  | +2) [demonic ancestry]
    29 | D:5      | Reached XP level 2. HP: 24/24 MP: 2/2
    41 | D:5      | Found a sand-covered staircase.
    50 | Ossuary  | Entered an ossuary
   147 | Ossuary  | Gained mutation: Spells you cast may paralyse adjacent
                  | enemies. [demonic ancestry]
   147 | Ossuary  | Reached XP level 3. HP: 29/29 MP: 3/3
   787 | Ossuary  | Noticed Menkaure
   789 | Ossuary  | Killed Menkaure
   790 | Ossuary  | Reached XP level 4. HP: 34/35 MP: 3/7
   790 | Ossuary  | Gained mutation: You sometimes gain a little power by
                  | taking damage. [demonic ancestry]
   790 | Ossuary  | Reached XP level 5. HP: 39/41 MP: 3/8
  1512 | D:3      | Slain by a gnoll

Illustrated notes

Levels and vault maps discovered:
D:3:      layout_basic, serial_glass, glass_columns_b, glass_columns_b,
          gup_sewer_entry_bowl
D:4:      layout_basic, mainiacjoe_overflow_six_doors_small, temple_hall
D:5:      nicolae_cairo_tiling_large_dashed, layout_basic,
          mainiacjoe_overflow_tiny_flanked, mainiacjoe_ossuary_entry_dusty_tomb
D:6:      layout_basic, uniq_menkaure, uniq_duvessa

Skill      XL: |  1  2  3  4  5 |
---------------+----------------+-----
Evocations     | 2 4 |  4.0
Spellcasting   | 2 3 |  3.6
Fighting       | |  3.0
Axes           | |  1.7
Dodging        | |  1.7
Stealth        | |  4.5

Action                     |  1- 3 |  4- 6 || total
---------------------------+-------+-------++-------
  Melee: Hand axe          |   167 |    61 ||   228
  Evoke: Wand              |     4 |     5 ||     9
    Use: Scroll            |     1 |     2 ||     3
         Potion            |       |     2 ||     2
   Stab: Sleeping          |     1 |     2 ||     3
         Distracted        |     1 |       ||     1
         Invisible         |       |     1 ||     1
 Armour: Leather armour    |    78 |    36 ||   114
  Dodge: Dodged            |    66 |    36 ||   102

Table legend: (Time is in decaauts)
 A = Elapsed time spent in this place.
 B = Non-inter-level travel time spent in this place.
 C = Inter-level travel time spent in this place.
 D = Time resting spent in this place.
 E = Time spent auto-exploring this place.
 F = Levels seen in this place.
 G = Mean time per level.
                   A        B        C        D        E       F      G
               +--------+--------+--------+--------+--------+-----+--------+
         Total |   1560 |   1542 |     18 |    590 |     10 |   5 |  312.0 |
       Dungeon |    349 |    331 |     18 |    108 |     10 |   4 |   87.2 |
       Ossuary |   1211 |   1211 |      0 |    482 |      0 |   1 | 1211.0 |
               +--------+--------+--------+--------+--------+-----+--------+

Top non-repeatable levels by time:
 Ossuary: 1211 daAuts
     D:4: 178 daAuts
     D:3: 100 daAuts
     D:5: 68 daAuts
     D:6: 1 daAuts
